 Dungeon Crawl Stone Soup version 0.22.0-36-g8e74550 (webtiles) character file.

112 Marcoleric the Slinger (level 5, -2/35 HPs)
             Began as a Halfling Hunter on Aug 24, 2018.
             Killed from afar by an orc wizard (3 damage)
             ... with a magic dart
             ... on level 5 of the Dungeon.
             The game lasted 00:05:59 (548 turns).

Marcoleric the Slinger (Halfling Hunter)             Turns: 548, Time: 00:05:59

Health: -2/35      AC:  3    Str: 13    XL:     5   Next: 16%
Magic:  5/5        EV: 15    Int:  9    God:
Gold:   16         SH:  0    Dex: 16    Spells: 4/4 levels left

rFire    . . .     SeeInvis .   a - +1 hunting sling
rCold    . . .     Gourm    .   (shield restricted)
rNeg     . . .     Faith    .   c - +0 leather armour
rPois    .         Spirit   .   (no helmet)
rElec    .         Reflect  .   (no cloak)
rCorr    .         Harm     .   (no gloves)
MR       .....                  (no boots)
Stlth    ++........             (no amulet)
HPRegen  0.11/turn              (no ring)
MPRegen  0.09/turn              (no ring)

@: no status effects
A: small, mutation resistance 1
a: no special abilities


You were on level 5 of the Dungeon.
You were not hungry.

You visited 1 branch of the dungeon, and saw 5 of its levels.

You collected 16 gold pieces.

Inventory:

Hand Weapons
 a - a +1 hunting sling (weapon)
 b - a +0 short sword
Missiles
 e - 2 needles of sleeping
 g - 18 stones (quivered)
Armour
 c - a +0 leather armour (worn)
 k - a +0 pair of gloves
Potions
 h - 2 potions of heal wounds
 i - a potion of degeneration {unknown}
 j - a potion of agility {unknown}
 l - a potion of ambrosia {unknown}
 m - a potion of cancellation {unknown}
Comestibles
 f - a ration


   Skills:
 + Level 2.5 Fighting
 + Level 8.2 Slings
 + Level 0.2 Armour
 + Level 2.3 Dodging
 + Level 1.1 Stealth


You had 4 spell levels left.
You didn't know any spells.
Your spell library was empty.

Dungeon Overview and Level Annotations

Branches:
Dungeon (5/15)
 Temple: D:4-7

Altars:


Innate Abilities, Weirdness & Mutations

You are small and have problems with some larger weapons.
You are somewhat resistant to further mutation.


Message History

You see here 30 stones.
The orc wizard mumbles some strange words.
The orc wizard seems to speed up.
The orc wizard closely misses you. The orc wizard misses you.
Found 14 bolts.
The orc wizard closely misses you.
You see here 14 bolts.
The orc wizard points at you and mumbles some strange words.
The puff of frost misses you. The orc wizard closely misses you.
The orc wizard barely misses you.
The orc wizard points at you and mumbles some strange words.
The magic dart hits you!
* * * LOW HITPOINT WARNING * * *
The orc wizard points at you and mumbles some strange words.
The puff of frost misses you.
The orc wizard points at you and mumbles some strange words.
The magic dart hits you!
You die...

###.###...
...#....##
..........
.......##
.........
#......#
#......#
#@# #o#..
#.#.#
#.#.#
#.#.# #.#
. #.#.#
..# #.
#.#.# ..
#. #.#.#
#.####. .
#...#
..#... .


You could see an orc wizard.

Vanquished Creatures
  An orc priest (D:4)
  An orc wizard (D:4)
  3 adders
  A shadow imp (D:3)
  A dart slug (D:2)
  An orc (D:4)
  A bat (D:1)
  3 goblins
  2 hobgoblins
  A quokka (D:3)
  A frilled lizard (D:2)
  4 kobolds
  3 rats
23 creatures vanquished.

Notes
Turn   | Place    | Note
-------+----------+-------------------------------------------
     0 | D:1      | Marcoleric the Halfling Hunter began the quest for the Orb.
     0 | D:1      | Reached XP level 1. HP: 14/14 MP: 1/1
    99 | D:1      | Reached skill level 6 in Slings
   202 | D:2      | Reached XP level 2. HP: 19/19 MP: 2/2
   230 | D:2      | Reached XP level 3. HP: 18/24 MP: 3/3
   281 | D:3      | Reached skill level 7 in Slings
   488 | D:4      | Reached XP level 4. HP: 10/30 MP: 4/4
   491 | D:4      | Reached skill level 8 in Slings
   491 | D:4      | Reached XP level 5. HP: 12/35 MP: 5/5
   519 | D:5      | Entered Level 5 of the Dungeon
   519 | D:5      | Noticed an ice beast
   543 | D:5      | HP: 1/35 [orc wizard/magic dart (6)]
   548 | D:5      | Killed from afar by an orc wizard

Skill      XL: |  1  2  3  4 |
---------------+-------------+-----
Slings         | 6 7 8 |  8.2
Fighting       | 2 |  2.5
Armour         | |  0.2
Dodging        | |  2.3
Stealth        | |  1.1

Action                   |  1- 3 |  4- 6 || total
-------------------------+-------+-------++-------
 Fire: Hunting sling     |    63 |    12 ||    75
  Use: Scroll            |     1 |       ||     1
       Potion            |     1 |       ||     1
Armor: Leather armour    |     6 |     2 ||     8
Dodge: Dodged            |    23 |    13 ||    36
